 Dungeon Crawl Stone Soup version 0.31.0-11-ge490571c62 (webtiles) character file.

Game seed: 2253015479379584942

32 Flugkiller the Chiller (level 3, 0/16 HPs)
             Began as a Vine Stalker Ice Elementalist on Feb 3, 2024.
             Succumbed to an adder's poison
             ... on level 4 of the Dungeon.
             The game lasted 00:00:46 (363 turns).

Flugkiller the Chiller (VSIE)                        Turns: 363, Time: 00:00:47

Health: 0/16       AC:  2    Str: 10    XL:     3   Next: 27%
Magic:  0/8        EV: 12    Int: 17    God:
Gold:   14         SH:  0    Dex: 14    Spells: 7/8 levels left

rFire   . . .        (no weapon)
rCold   . . .        (no shield)
rNeg    . . .        a - +0 robe
rPois   .            (no helmet)
rElec   .            (no cloak)
rCorr   .            (no gloves)
SInv    .            (no boots)
Will    .....        (no amulet)
Stlth   ++           (no ring)
HPRegen 1.02/turn    (no ring)
MPRegen 0.11/turn

%: guardian spirit
@: lethally poisoned (0 -> -2)
A: fangs 2, regeneration 1, magic shield, antimagic bite, no potion heal 2
a: no special abilities


You were on level 4 of the Dungeon.
You visited 1 branch of the dungeon, and saw 4 of its levels.

You collected 14 gold pieces.

Inventory:

Armour
 a - a +0 robe (worn)
Scrolls
 d - a scroll of identify {unknown}
 e - a scroll of teleportation {unknown}
 f - a scroll of enchant weapon {unknown}
 g - a scroll of blinking {unknown}
Potions
 q - a potion of curing


   Skills:
 - Level 1.5 Dodging
 - Level 2.4 Stealth
 + Level 3.0 Spellcasting
 + Level 4.5 Ice Magic


You had 7 spell levels left.
You knew the following spells:

 Your Spells              Type           Power      Damage    Failure   Level
a - Freeze                Ice            72%        1d8       2%          1

Your spell library contained the following spells:

 Spells                   Type           Power      Damage    Failure   Level
 Frozen Ramparts          Ice            36%        1d6       9%          3
 Ozocubu's Armour         Ice            18%        N/A       9%          3
 Summon Ice Beast         Ice/Summ       10%        N/A       21%         3
 Static Discharge         Conj/Air       4%         3-4/arc   26%         2
 Airstrike                Air            1%         2d(1-17)  86%         4
 Summon Lightning Spire   Summ/Air       2%         N/A       86%         4


Dungeon Overview and Level Annotations

Branches:
Dungeon (4/15) Zot: 23637
 Temple: D:4-7

Altars:


Innate Abilities, Weirdness & Mutations

You have extremely sharp teeth.
Your natural rate of healing is unusually fast.
When hurt, damage is shared between your health and your magic reserves.
Your bite disrupts and absorbs the magic of your enemies.
Potions cannot restore your health.


Message History

An orc wizard comes into view. It is wielding a +0 dagger of venom.
The orc wizard shouts!
You hear an angry hiss.
You hear a shout!
The orc wizard casts a spell at you. The puff of flame hits you!
The orc wizard barely misses you.
Casting: Freeze (safe; 2% risk of failure)
Confirm with . or Enter, or press ? or * to list all spells.
Aiming: Freeze (safe; 2% risk of failure)
Press: ? - help, Shift-Dir - straight line, f - orc wizard
Aim: an orc wizard, wielding a +0 dagger of venom and wearing a +0 robe You freeze the orc wizard.
The orc wizard is lightly wounded.
The orc wizard hits you with a +0 dagger of venom.
You are poisoned.
Casting: Freeze (safe; 2% risk of failure)
Confirm with . or Enter, or press ? or * to list all spells.
Aiming: Freeze (safe; 2% risk of failure)
Press: ? - help, Shift-Dir - straight line, f/p - orc wizard
Aim: an orc wizard, wielding a +0 dagger of venom and wearing a +0 robe (lightly wounded)
You freeze the orc wizard.
The orc wizard is heavily wounded.
You feel very sick.
You feel sick.
The orc wizard casts a spell.
The orc wizard flickers and vanishes!
Deactivating autopickup; reactivate with Ctrl-A.
You hear an angry hiss.
It was a potion of curing.
Your system rejects the healing.
You feel better.
q - a potion of curing
Casting: Freeze (safe; 2% risk of failure)
Confirm with . or Enter, or press ? or * to list all spells.
Aiming: Freeze (safe; 2% risk of failure)
Press: ? - help, Shift-Dir - straight line, f - orc
Aim: an orc, wielding a +0 war axe and wearing a +0 ring mail You freeze the orc.
The orc is heavily wounded.
The orc misses you.
You hit the orc. You bite the orc, but do no damage.
The orc is almost dead.
The orc closely misses you.
You hit the orc but do no damage. Your bite misses the orc.
The orc is almost dead.
The orc hits you with a +0 war axe!
Ouch! That really hurt!
You hit the orc but do no damage.
The orc is almost dead.
The orc hits you with a +0 war axe!
* * * LOW HITPOINT WARNING * * *
The orc attacks as it pursues you! The orc hits you with a +0 war axe.
* * * LOW HITPOINT WARNING * * *
Magic courses through your body. The orc hits you with a +0 war axe.
* * * LOW HITPOINT WARNING * * *
Casting: Freeze (safe; 2% risk of failure)
Confirm with . or Enter, or press ? or * to list all spells.
Aiming: Freeze (safe; 2% risk of failure)
Press: ? - help, Shift-Dir - straight line, f/p - orc
Aim: an orc, wielding a +0 war axe and wearing a +0 ring mail (almost dead)
You freeze the orc.
You kill the orc!
Casting: Freeze (safe; 2% risk of failure)
Confirm with . or Enter, or press ? or * to list all spells.
Aiming: Freeze (safe; 2% risk of failure)
Press: ? - help, Shift-Dir - straight line, f - adder
Aim: an adder You freeze the adder.
The adder is moderately wounded.
The adder seems to slow down.
The adder bites you.
* * * LOW HITPOINT WARNING * * *
You are poisoned.
The adder poisons you!
An orc comes into view. It is wielding a +0 dagger.
Casting: Freeze (safe; 2% risk of failure)
Confirm with . or Enter, or press ? or * to list all spells.
Aiming: Freeze (safe; 2% risk of failure)
Press: ? - help, Shift-Dir - straight line, f/p - adder
Aim: an adder (moderately wounded, slow)
You freeze the adder.
The adder is severely wounded.
The adder seems to slow down.
The orc shouts!
You feel sick. The adder bites you but does no damage.
Casting: Freeze (safe; 2% risk of failure)
Confirm with . or Enter, or press ? or * to list all spells.
Aiming: Freeze (safe; 2% risk of failure)
Press: ? - help, Shift-Dir - straight line, f/p - adder
Aim: an adder (severely wounded, slow)
You freeze the adder.
The adder is almost dead.
The adder seems to slow down.
You feel sick. The adder bites you.
* * * LOW HITPOINT WARNING * * *
You are more poisoned.
The adder poisons you!
Casting: Freeze (safe; 2% risk of failure)
Confirm with . or Enter, or press ? or * to list all spells.
Aiming: Freeze (safe; 2% risk of failure)
Press: ? - help, Shift-Dir - straight line, f/p - adder
Aim: an adder (almost dead, slow)
You freeze the adder.
You kill the adder!
You die...

##....### .......##
........ ...).. #....
..S ############# #.#
##.......†.)...#####.#
...########.....@)w.o#
### #.......##.#######
#.########.# #####.#
#.# ......# #.#
####### #.# # #.. ###


You could see a ribbon worm and an orc.

Vanquished Creatures
  3 adders (D:4)
  2 dart slugs (D:1)
  2 orcs (D:4)
  A quokka (D:1)
  2 ball pythons (D:1)
  A rat (D:3)
11 creatures vanquished.

Notes
Turn   | Place    | Note
-------+----------+-------------------------------------------
     0 | D:1      | Flugkiller the Vine Stalker Ice Elementalist began the
                  | quest for the Orb.
     0 | D:1      | Reached XP level 1. HP: 9/9 MP: 4/4
   109 | D:1      | Reached XP level 2. HP: 13/13 MP: 0/6
   261 | D:2      | Noticed a bombardier beetle
   327 | D:4      | Reached XP level 3. HP: 14/16 MP: 0/8
   363 | D:4      | Succumbed to an adder's poison

Illustrated notes

Levels and vault maps discovered:
D:1:      roderic_dead_forest, layout_loops_corners
D:2:      layout_basic, basic_altar
D:3:      layout_loops_corners, shapermc_ecumenical_altar_acropolis, uniq_robin,
          uniq_jessica
D:4:      layout_loops_ring

Skill      XL: |  1  2 |
---------------+-------+-----
Spellcasting   | 3 |  3.0
Dodging        | |  1.5
Stealth        | |  2.4
Ice Magic      | |  4.5

Action                     || total
---------------------------++-------
  Melee: Unarmed           ||    25
         Bite              ||     6
   Cast: Freeze            ||    21
    Use: Potion            ||     2
 Armour: Robe              ||    27
  Dodge: Dodged            ||    18
